Map: Blackpink LE

Players

Dessa - Winner!

  • Race: Zerg Zerg
  • League: Diamond
  • Spawn Location: 1:00

Aztec

  • Race: Zerg Zerg
  • League: Diamond
  • Spawn Location: 7:00

VOD

Have the link to the VOD?

Description

Time

  • Played on: Jan. 9, 2018, 6:15 a.m.
  • Length: 20:19
Show
View Real Time Build Order
Export as new Build Order

Dessa Zerg - Winner!

Build Orders: Pool First, Lurkers 

Get SALT Encoding   

  12  0:01  Drone  
  13  0:12  Overlord  
  13  0:17  Drone  
  14  0:30  Drone x2  
  14  0:34  Drone  
  17  0:37  Extractor  
  16  0:45  Drone  
  17  0:53  Spawning Pool  
  16  1:00  Drone  
  17  1:21  Hatchery  
  17  1:25  Drone  
  17  1:39  Zergling x4  
  20  1:40  Zergling x2  
  20  1:44  Metabolic Boost  
  20  1:52  Overlord  
  20  2:03  Queen  
  22  2:10  Drone  
  22  2:14  Drone  
  24  2:20  Baneling Nest  
  23  2:23  Drone  
  23  2:43  Drone x3  
  25  2:53  Queen  
  25  2:57  Overlord  
  27  3:02  Drone x2  
  27  3:05  Overlord  
  29  3:15  Drone  
  29  3:17  Drone x2  
  32  3:23  Overlord  
  31  3:28  Zergling x6  
  31  3:32  Zergling x2  
  35  3:39  Drone  
  35  3:40  Zergling x2  
  37  3:47  Baneling x2  
  36  4:03  Overlord  
  36  4:05  Drone x2  
  36  4:08  Drone x6, Extractor  
  43  4:10  Extractor  
  43  4:17  Lair  
  42  4:22  Drone, Roach Warren  
  42  4:28  Extractor  
  42  4:29  Evolution Chamber  
  40  4:42  Drone x3  
  40  4:43  Drone  
  40  4:44  Drone  
  40  4:45  Drone  
  46  4:50  Overlord  
  46  4:51  Hatchery  
  45  4:55  Zerg Missile Weapons Level 1  
  45  5:02  Roach  
  45  5:03  Roach x2  
  45  5:04  Drone  
  45  5:06  Roach  
  54  5:10  Overlord  
  54  5:15  Pneumatized Carapace  
  54  5:19  Glial Reconstitution  
  54  5:24  Overlord  
  54  5:25  Overlord  
  54  5:30  Ravager x2  
  54  5:33  Drone  
  54  5:34  Drone x2  
  54  5:35  Drone  
  60  5:36  Drone  
  60  5:41  Drone  
  60  5:42  Roach  
  64  5:48  Roach x2  
  68  5:54  Roach  
  69  5:58  Drone  
  69  5:59  Drone  
  69  6:00  Drone x2  
  69  6:01  Overlord  
  73  6:08  Hydralisk Den  
  73  6:10  Drone  
  73  6:12  Roach  
  73  6:14  Queen, Evolution Chamber  
  76  6:21  Drone x2  
  76  6:23  Drone x2  
  76  6:25  Roach  
  82  6:27  Roach  
  84  6:33  Ravager  
  84  6:35  Roach x3  
  84  6:38  Roach  
  93  6:43  Roach x2  
  81  7:07  Roach x4  
  81  7:08  Roach x5  
  90  7:11  Zerg Missile Weapons Level 2  
  90  7:13  Zerg Ground Armor Level 1  
  88  7:18  Drone x3  
  91  7:24  Roach x2  
  80  7:34  Ravager x2  
  80  7:35  Roach x3  
  80  7:36  Overlord  
  83  7:44  Ravager  
  83  7:47  Roach x2  
  88  8:01  Drone x2  
  88  8:02  Drone x2  
  88  8:05  Drone x4  
  96  8:13  Hydralisk x3  
  96  8:14  Hydralisk x2  
  106  8:20  Overlord  
  106  8:21  Overlord  
  106  8:27  Extractor  
  106  8:29  Extractor  
  104  8:36  Ravager x2  
  104  8:39  Overlord  
  104  8:40  Overlord  
  104  8:41  Overlord  
  106  9:00  Muscular Augments  
  106  9:11  Zerg Ground Armor Level 2  
  106  9:19  Drone  
  106  9:20  Overlord  
  106  9:21  Roach, Hydralisk x3  
  106  9:22  Roach x3  
  121  9:24  Hatchery  
  120  9:34  Ravager x2  
  120  9:36  Drone x3  
  120  9:38  Drone x3  
  128  9:39  Drone  
  129  10:13  Lurker Den  
  128  10:14  Hydralisk x3  
  128  10:15  Roach x2  
  128  10:17  Extractor  
  128  10:18  Extractor  
  114  10:38  Hydralisk  
  114  10:39  Roach x3, Hydralisk x3  
  114  10:40  Roach x2  
  114  10:41  Queen  
  134  10:47  Drone  
  88  11:14  Overseer  
  88  11:19  Roach x7, Hydralisk x2  
  88  11:20  Roach, Hydralisk x4  
  88  11:21  Roach x3  
  122  11:31  Roach x3  
  128  11:40  Roach x3  
  120  11:59  Roach x2, Hydralisk x2  
  120  12:00  Hydralisk x5  
  120  12:01  Roach x2  
  114  12:33  Roach x2, Hydralisk x3  
  114  12:34  Roach x4  
  104  12:53  Drone x3  
  104  12:54  Drone x6  
  104  12:55  Drone  
  114  12:59  Lurker  
  114  13:00  Lurker x7  
  122  13:09  Overlord x2  
  122  13:19  Drone  
  123  13:20  Infestation Pit  
  122  13:34  Hydralisk  
  122  13:35  Roach x4, Hydralisk x5  
  122  13:36  Roach x5  
  128  14:45  Hydralisk x3  
  104  14:46  Roach x7, Hydralisk x2  
  104  14:47  Roach x6, Hydralisk  
  132  15:08  Drone x2  
  132  15:09  Drone, Overlord x2  
  135  15:17  Hive  
  135  15:52  Roach x4, Hydralisk x7  
  135  15:53  Hydralisk  
  159  16:07  Overseer  
  159  16:09  Overseer  
  159  16:33  Hatchery  
  159  16:34  Lurker x2  
  159  16:35  Extractor  
  159  16:36  Extractor, Zerg Missile Weapons Level 3, Zerg Ground Armor Level 3  
  158  16:41  Adaptive Talons  
  158  16:48  Spine Crawler  
  158  16:49  Spine Crawler  
  104  17:19  Hydralisk  
  104  17:20  Roach x3, Hydralisk x6  
  104  17:21  Roach x4  
  115  17:40  Roach x5  
  115  17:41  Roach  
  127  17:59  Hydralisk x3  
  127  18:00  Roach x2  
  137  18:11  Lurker x2  
  137  18:12  Lurker x3  
  144  18:13  Roach x2  
  146  18:22  Hydralisk  
  146  18:23  Roach, Hydralisk x4  
  158  18:28  Hatchery  
  158  18:30  Extractor  
  122  18:45  Hydralisk x3  
  122  18:46  Hydralisk x6  
  133  19:03  Hydralisk x3  
  133  19:04  Roach x3  
  145  19:19  Roach x2, Hydralisk  
  141  19:33  Spire  
  132  19:49  Lurker x3  
Show
View Real Time Build Order
Export as new Build Order

Aztec Zerg 

Build Orders: Hatch First, Lurkers 

Get SALT Encoding   

  12  0:02  Drone  
  13  0:12  Overlord  
  13  0:17  Drone  
  14  0:30  Drone x2  
  14  0:35  Drone  
  17  0:52  Hatchery  
  17  0:56  Drone  
  17  1:10  Spawning Pool  
  16  1:12  Drone  
  16  1:15  Drone  
  18  1:19  Drone  
  19  1:28  Drone  
  19  1:31  Extractor  
  19  1:40  Drone  
  20  1:56  Drone  
  21  2:03  Zergling x2  
  21  2:04  Queen x2  
  21  2:06  Zergling x2  
  27  2:11  Overlord  
  27  2:18  Zergling x2  
  28  2:30  Drone x2  
  28  2:31  Metabolic Boost  
  28  2:39  Zergling x4  
  30  2:48  Zergling x2  
  30  2:49  Zergling x2  
  31  2:57  Drone  
  32  3:11  Drone x3  
  35  3:15  Extractor  
  34  3:22  Queen  
  34  3:25  Overlord  
  34  3:26  Overlord  
  36  3:37  Overlord  
  36  3:38  Extractor  
  35  3:41  Drone  
  35  3:43  Overlord  
  35  3:47  Lair  
  35  3:48  Drone x4  
  38  3:58  Drone  
  38  3:59  Drone  
  38  4:05  Evolution Chamber  
  38  4:07  Evolution Chamber  
  36  4:11  Roach Warren  
  36  4:12  Spine Crawler  
  36  4:15  Drone x6  
  40  4:20  Drone x2  
  40  4:22  Drone  
  40  4:23  Drone  
  44  4:43  Drone x4  
  48  4:52  Zerg Missile Weapons Level 1  
  48  4:53  Zerg Ground Armor Level 1  
  48  4:55  Drone  
  48  4:57  Roach x4  
  57  5:03  Glial Reconstitution  
  57  5:15  Spine Crawler  
  57  5:18  Roach x4  
  57  5:20  Spine Crawler  
  63  5:21  Overlord  
  63  5:26  Roach  
  63  5:27  Roach  
  63  5:28  Overlord  
  67  5:48  Roach x7  
  67  5:49  Roach  
  83  5:57  Overlord  
  83  6:12  Overlord  
  83  6:14  Overlord  
  83  6:18  Roach  
  85  6:19  Roach x3  
  91  6:30  Hatchery  
  91  6:31  Roach  
  91  6:32  Roach x4  
  100  6:39  Roach  
  102  6:44  Overlord  
  86  7:05  Roach  
  86  7:06  Roach x7  
  90  7:14  Roach  
  90  7:15  Roach  
  92  7:20  Roach  
  94  7:26  Drone x4  
  92  7:30  Roach x3  
  88  7:43  Queen  
  90  7:45  Drone x3  
  90  7:46  Zerg Missile Weapons Level 2  
  90  7:48  Zerg Ground Armor Level 2  
  93  8:04  Hydralisk Den  
  92  8:09  Extractor  
  91  8:31  Drone x4  
  91  8:32  Drone x8  
  103  8:35  Extractor  
  103  8:37  Extractor  
  103  8:41  Muscular Augments  
  101  8:42  Hydralisk x4  
  101  8:48  Hatchery, Overlord x2  
  108  8:49  Drone  
  108  8:50  Drone x2  
  111  9:00  Overlord x2  
  111  9:15  Infestation Pit  
  110  9:19  Lurker Den  
  110  9:21  Roach  
  110  9:22  Roach x5  
  110  9:23  Overlord  
  121  9:28  Drone x7  
  128  9:37  Hydralisk  
  130  9:39  Overlord x2  
  130  9:45  Overseer  
  130  9:54  Hydralisk x4  
  130  9:58  Overlord  
  130  9:59  Hydralisk x3  
  144  10:11  Hydralisk x5  
  124  10:39  Hydralisk  
  124  10:40  Hydralisk x11  
  148  10:47  Lurker  
  149  10:50  Drone  
  149  10:51  Drone x7  
  127  11:12  Roach  
  127  11:13  Roach x10  
  127  11:17  Lurker  
  127  11:18  Lurker  
  151  11:32  Lurker  
  109  12:01  Roach  
  109  12:02  Roach x6  
  109  12:07  Lurker x2  
  109  12:08  Lurker x2  
  125  12:10  Queen  
  125  12:12  Queen  
  112  12:35  Roach x7  
  112  12:36  Roach x9  
  124  12:51  Extractor  
  124  12:52  Extractor, Hydralisk x3  
  124  12:53  Hydralisk x2  
  124  12:57  Hydralisk  
  124  12:58  Hydralisk x2  
  138  13:06  Spire  
  138  13:09  Hive  
  138  13:10  Hatchery  
  136  13:14  Hydralisk  
  136  13:15  Hydralisk  
  140  13:27  Lurker  
  140  13:28  Lurker  
  142  13:35  Zergling x10  
  142  13:36  Zergling x10  
  142  13:37  Overlord  
  142  13:38  Overlord x6  
  152  13:46  Overlord x2  
  150  14:00  Overseer  
  132  14:05  Queen  
  132  14:07  Overseer  
  132  14:09  Roach x3, Hydralisk x4  
  142  14:11  Lurker  
  142  14:12  Lurker x5  
  142  14:15  Zergling x14  
  142  14:16  Zergling x10  
  113  14:44  Hydralisk  
  113  14:45  Hydralisk x8  
  108  14:49  Overseer  
  96  14:52  Overseer  
  80  15:01  Queen  
  80  15:02  Zergling x2  
  80  15:03  Zergling x10  
  88  15:29  Drone  
  88  15:30  Drone x10  
  98  15:42  Hatchery, Zergling x2  
  95  15:43  Zergling x14  
  102  15:50  Lurker x8  
  102  15:51  Lurker  
  96  16:15  Overseer  
  96  16:16  Overseer  
  96  16:29  Hatchery, Corruptor x4  
  96  16:30  Corruptor x3  
  106  16:51  Hydralisk x4  
  106  16:52  Hydralisk x2  
  105  17:27  Queen  
  105  17:29  Drone x7  
  114  17:41  Greater Spire  
  114  17:51  Extractor  
  110  18:02  Overlord  
  110  18:03  Corruptor x3, Overlord x2  
  116  18:12  Lurker x5  
  121  18:22  Overlord x2  
  121  18:23  Overlord  
  121  18:27  Queen  
  94  18:44  Hydralisk x3  
  94  18:45  Roach  
  94  18:46  Roach x3  
  99  18:54  Brood Lord x3  
  103  18:58  Brood Lord  
  103  19:00  Zergling x8  
  103  19:01  Zergling x2  
  97  19:29  Corruptor  
  97  19:30  Hydralisk x2  
  97  19:31  Hydralisk  
  86  19:48  Corruptor  
  86  19:49  Roach x5  
  86  19:50  Roach x5  
Tags
 
Composition
LurkersLurkers
Matchup
ZvZ
Race
Zerg
Replay Pack
2017S4
Spawn Locations
Cross Positions
Add a new tag
Caveats
  • Supply blocks, unpowered buildings, or Contaminate may cause inaccurate times.
  • Supply counts are checked every 10 seconds.